 Dungeon Crawl Stone Soup version 0.25-a0-591-g2ad0d861f1 (webtiles) character file.

Game seed: 873688686734033441, levelgen mode: deterministic

123 Esekla the Charlatan (level 4, -3/21 HPs)
             Began as a Spriggan Artificer on Mar 13, 2020.
             Splashed by a jelly's acid (9 damage)
             ... on level 3 of the Dungeon.
             The game lasted 00:11:34 (2621 turns).

Esekla the Charlatan (Spriggan Artificer)           Turns: 2621, Time: 00:11:34

Health: -3/21      AC:  2    Str:  8    XL:     4   Next: 79%
Magic:  8/8        EV: 19    Int: 13    God:
Gold:   94         SH:  0    Dex: 16    Spells: 8/8 levels left

rFire    . . .     SeeInvis +   m - +0 dagger (venom)
rCold    . . .     Gourm    .   (shield restricted)
rNeg     . . .     Faith    .   b - +0 robe
rPois    .         Spirit   .   (helmet restricted)
rElec    .         Reflect  .   (no cloak)
rCorr    .         Harm     .   (gloves unavailable)
MR       .....                  (boots unavailable)
Stlth    ++........             (no amulet)
HPRegen  0.07/turn              (no ring)
MPRegen  0.11/turn              (no ring)

@: very quick
A: very small, unfitting armour, see invisible, herbivore, speed 3, slow
metabolism 2, MP-powered wands
a: no special abilities


You were on level 3 of the Dungeon.
You were not hungry.

You visited 1 branch of the dungeon, and saw 3 of its levels.

You collected 94 gold pieces.

Inventory:

Hand Weapons
 m - a +0 dagger of venom (weapon)
Armour
 b - a +0 robe (worn)
 k - a +3 leather armour
Jewellery
 o - a cursed ring of teleportation {unknown}
Wands
 c - a wand of flame (15)
 d - a wand of enslavement (15)
 e - a wand of random effects (15)
Scrolls
 g - a scroll of identify
 h - a scroll of teleportation {unknown}
 j - 2 scrolls of remove curse
 l - 2 scrolls of magic mapping {unknown}
Potions
 a - a potion of haste {unknown}
 i - a potion of brilliance
 n - a potion of curing {unknown}
 p - a potion of degeneration {unknown}
Comestibles
 f - 7 rations


   Skills:
 - Level 0.7 Fighting
 * Level 3.4 Short Blades
 + Level 4.0 Dodging
 + Level 3.0 Stealth
 * Level 2.5 Spellcasting
 - Level 4.0 Evocations


You had 8 spell levels left.
You didn't know any spells.
Your spell library was empty.

Dungeon Overview and Level Annotations

Branches:
Dungeon (3/15)

Altars:
Cheibriados
Elyvilon
Okawaru
Uskayaw
Xom


Innate Abilities, Weirdness & Mutations

You are very small and have problems with some larger weapons.
You are too small for most types of armour.
You have supernaturally acute eyesight. (SInv)
You are a herbivore.
You cover ground extremely quickly.
You need to consume almost no food.
You expend magic power (3 MP) to strengthen your wands.


Message History

(D) Dungeon
Where to? (Enter - D:3, ? - help)
There is a stone staircase leading down here.
You climb downwards.
The jelly quivers.
The jelly is too close now for your liking.
There is a stone staircase leading up here.
The jelly barely misses you.
You hit the jelly.
Your hands burn!
The jelly is lightly wounded.
There is a stone staircase leading up here.
You hit the jelly.
Your hands burn!
The jelly is moderately wounded.
The jelly completely misses you.
You hit the jelly but do no damage.
The jelly is poisoned.
Your hands burn!
The jelly is moderately wounded.
The jelly hits you.
* * * LOW HITPOINT WARNING * * *
You are splashed with acid!
You die...

############
#..........#
#.########.# #.#
#.# #.# #.# #.#
#####.############
#.#
#.J<..............
#J#
#@###...####.###.#
#.# #.# #.......##
##.
#.####.###...###.#
#. #...J.......##
#.## ##.
######.####.#
##.###.# #.####.#
##...## #....#.#
###### ###....# #
##.....## #


You could see a jelly.

Vanquished Creatures
  Terence (D:3)
  5 adders
  A worm (D:2)
  A dart slug (D:2)
  2 leopard geckos (D:3)
  9 bats
  5 goblins
  6 hobgoblins
  2 ball pythons
  3 frilled lizards
  5 kobolds
  7 rats
47 creatures vanquished.

Notes
Turn   | Place    | Note
-------+----------+-------------------------------------------
     0 | D:1      | Esekla the Spriggan Artificer began the quest for the Orb.
     0 | D:1      | Reached XP level 1. HP: 9/9 MP: 4/4
    78 | D:2      | Found a hide-covered altar of Uskayaw.
   333 | D:1      | Reached skill level 1 in Spellcasting
   340 | D:1      | Reached XP level 2. HP: 8/14 MP: 6/6
   579 | D:1      | Gained mutation: Your spells are a little easier to cast,
                  | but a little less powerful. [potion of mutation]
   579 | D:1      | Gained mutation: You are clumsy. (Dex -2) [potion of
                  | mutation]
   579 | D:1      | Gained mutation: You possess an exceptional clarity of
                  | mind. [potion of mutation]
  1206 | D:1      | You fall into a shaft and drop 1 floor!
  1242 | D:2      | Reached XP level 3. HP: 9/17 MP: 7/7
  1437 | D:2      | Lost mutation: You possess an exceptional clarity of mind.
                  | [potion of mutation]
  1437 | D:2      | Lost mutation: Your spells are a little easier to cast, but
                  | a little less powerful. [potion of mutation]
  1437 | D:2      | Gained mutation: You are weak. (Str -2) [potion of
                  | mutation]
  1437 | D:2      | Gained mutation: Your mind is acute. (Int +2) [potion of
                  | mutation]
  1438 | D:2      | Lost mutation: You are weak. (Str -2) [potion of mutation]
  1438 | D:2      | Lost mutation: You are clumsy. (Dex -2) [potion of
                  | mutation]
  1438 | D:2      | Lost mutation: Your mind is acute. (Int +2) [potion of
                  | mutation]
  1438 | D:2      | Gained mutation: You expend magic power (3 MP) to
                  | strengthen your wands. [potion of mutation]
  1462 | D:2      | Found a shimmering altar of Xom.
  1464 | D:2      | Found an iron altar of Okawaru.
  1464 | D:2      | Found a white marble altar of Elyvilon.
  1466 | D:2      | Found a shimmering altar of Xom.
  1466 | D:2      | Found a shimmering altar of Xom.
  1466 | D:2      | Found a snail-covered altar of Cheibriados.
  1879 | D:3      | Reached XP level 4. HP: 21/21 MP: 8/8
  1931 | D:3      | Noticed Terence
  1968 | D:3      | Killed Terence
  2041 | D:3      | Found an iron altar of Okawaru.
  2621 | D:3      | Splashed by a jelly's acid

Levels and vault maps discovered:
D:1:      minmay_arrival_diagonal_passages, layout_basic
D:2:      lemuel_upstairs_altar, layout_rooms, eat_drink_and_be_merry_uskayaw,
          doesnt_xom_only_xom
D:3:      layout_loops_ring, lemuel_round_altar, uniq_ijyb, uniq_robin,
          uniq_terence

Skill      XL: |  1  2  3  4 |
---------------+-------------+-----
Spellcasting   | 1 2 |  2.5
Short Blades   | 2 3 |  3.4
Stealth        | 2 3 |  3.0
Dodging        | 4 |  4.0
Fighting       | |  0.7
Evocations     | |  4.0

Action                   |  1- 3 |  4- 6 || total
-------------------------+-------+-------++-------
Melee: Short sword       |    26 |       ||    26
       Dagger            |    65 |    47 ||   112
  Use: Scroll            |     3 |       ||     3
       Potion            |     3 |       ||     3
 Stab: Sleeping          |     2 |     3 ||     5
Armor: Robe              |    14 |       ||    14
Dodge: Dodged            |    83 |    29 ||   112

Table legend:
 A = Non-vault XP
 B = Vault XP
 C = Vault XP percentage of total XP
 D = Non-vault monster count
 E = Vault monster count
 F = Vault count percentage of total count
                 A         B        C        D         E       F
            +---------+---------+-------+---------+---------+-------
      Total |     140 |      36 |  20.5 |      46 |       1 |   2.1
            +---------+---------+-------+---------+---------+-------
        D:1 |      26 |       0 |   0.0 |      18 |       0 |   0.0
        D:2 |      67 |       0 |   0.0 |      16 |       0 |   0.0
        D:3 |      47 |      36 |  43.4 |      12 |       1 |   7.7
            +---------+---------+-------+---------+---------+-------
